Map: Tropical Sacrifice

Players

Rex

  • Race: Zerg Zerg
  • League: Master
  • Spawn Location: 1:00

Nice - Winner!

  • Race: Protoss Protoss
  • Spawn Location: 7:00

VOD

Have the link to the VOD?

Description

Time

  • Played on: Oct. 23, 2022, 7:24 p.m.
  • Length: 7:46
Show
View Real Time Build Order
Export as new Build Order

Rex Zerg 

Build Orders: Hatch First 

Get SALT Encoding   

  12  0:00  Drone  
  13  0:13  Overlord  
  13  0:17  Drone  
  14  0:31  Drone x2  
  16  0:50  Hatchery  
  16  0:53  Drone  
  16  0:57  Drone  
  17  1:00  Drone  
  18  1:11  Extractor  
  18  1:16  Spawning Pool  
  16  1:19  Drone  
  16  1:23  Drone  
  18  1:30  Drone  
  19  1:40  Drone  
  20  1:53  Drone  
  21  2:03  Queen x2  
  21  2:04  Zergling x4  
  27  2:11  Metabolic Boost  
  27  2:13  Overlord  
  28  2:15  Drone  
  28  2:34  Hatchery  
  28  2:35  Drone  
  28  2:39  Drone x2  
  30  2:46  Overlord  
  30  2:54  Zergling x4  
  30  2:56  Queen  
  34  3:01  Zergling x2  
  34  3:02  Zergling x2  
  36  3:14  Drone x6  
  36  3:19  Overlord  
  42  3:20  Drone  
  42  3:24  Drone  
  44  3:29  Overlord  
  44  3:38  Drone x2  
  45  3:43  Drone x4  
  45  3:46  Drone x2  
  51  3:49  Queen  
  51  3:52  Spore Crawler  
  52  3:58  Queen  
  52  4:02  Drone, Evolution Chamber  
  54  4:08  Drone x2  
  54  4:09  Drone x2  
  57  4:10  Drone  
  57  4:14  Drone  
  57  4:15  Drone x2  
  60  4:20  Spore Crawler  
  60  4:21  Drone x3  
  62  4:31  Zerg Melee Weapons Level 1  
  62  4:34  Spore Crawler, Queen  
  63  4:39  Drone  
  63  4:40  Overlord x2  
  64  4:53  Drone x2  
  64  4:57  Overlord  
  66  5:04  Drone x13  
  78  5:11  Extractor  
  78  5:13  Extractor  
  75  5:14  Roach Warren  
  75  5:16  Lair, Extractor x2  
  72  5:24  Zergling x2  
  72  5:25  Zergling x2  
  74  5:30  Zergling x10  
  74  5:33  Hatchery  
  78  5:41  Drone x10  
  88  5:45  Overlord  
  88  5:50  Overlord  
  88  5:53  Overlord  
  88  5:54  Overlord  
  88  6:00  Overlord  
  88  6:03  Spine Crawler x2  
  86  6:04  Zergling x2, Spine Crawler  
  86  6:05  Roach  
  86  6:06  Roach  
  86  6:08  Roach  
  92  6:11  Roach x2  
  92  6:13  Roach  
  92  6:16  Roach  
  99  6:20  Roach  
  99  6:22  Roach  
  99  6:25  Roach  
  99  6:27  Ravager  
  99  6:30  Roach  
  91  6:35  Roach x2  
  88  6:41  Roach  
  88  6:42  Roach  
  88  6:44  Zergling x2  
  88  6:46  Roach  
  86  6:52  Roach  
  77  6:55  Zergling x2, Roach  
  77  7:00  Zergling x2, Roach  
  77  7:03  Roach  
  77  7:05  Zergling x2  
  77  7:08  Roach  
  75  7:09  Zergling x2  
  75  7:12  Roach  
  69  7:19  Roach  
  69  7:22  Roach  
  56  7:25  Roach  
  56  7:29  Zergling x2  
Show
View Real Time Build Order
Export as new Build Order

Nice Protoss - Winner!

Build Orders: 1 Gate Expand, Oracle Opening 

Get SALT Encoding   

  12  0:00  Probe  
  13  0:12  Probe  
  14  0:20  Pylon  
  14  0:24  Probe  
  15  0:31  Assimilator  
  15  0:38  Probe (Chrono Boost)  
  16  0:44  Gateway  
  17  0:50  Probe (Chrono Boost)  
  17  0:56  Probe (Chrono Boost)  
  18  1:05  Probe  
  19  1:17  Probe  
  20  1:26  Nexus  
  20  1:35  Cybernetics Core  
  20  1:41  Assimilator  
  20  1:43  Probe  
  21  1:50  Pylon  
  21  1:55  Probe  
  22  2:08  Probe, Stalker (Chrono Boost)  
  23  2:12  Warp Gate  
  25  2:20  Probe  
  26  2:24  Stargate  
  26  2:32  Probe  
  26  2:35  Stalker  
  29  2:40  Probe (Chrono Boost)  
  30  2:47  Probe (Chrono Boost)  
  32  2:52  Probe (Chrono Boost)  
  32  2:57  Probe (Chrono Boost)  
  33  2:58  Probe (Chrono Boost)  
  33  3:00  Gateway  
  35  3:05  Oracle (Chrono Boost)  
  35  3:11  Probe  
  38  3:13  Probe  
  38  3:21  Shield Battery  
  38  3:26  Pylon  
  38  3:30  Probe x2  
  40  3:34  Oracle (Chrono Boost)  
  43  3:44  Probe  
  43  3:45  Probe  
  45  3:51  Twilight Council  
  45  3:57  Probe  
  45  4:02  Pylon  
  46  4:10  Pylon  
  46  4:12  Nexus  
  46  4:14  Probe  
  46  4:20  Probe  
  46  4:21  Robotics Facility  
  47  4:24  Charge (Chrono Boost)  
  47  4:26  Probe  
  48  4:32  Gateway  
  48  4:34  Gateway  
  48  4:36  Probe  
  49  4:39  Probe  
  50  4:47  Gateway  
  50  4:49  Gateway  
  50  4:54  Gateway  
  50  4:58  Gateway  
  50  5:01  Zealot  
  50  5:06  Warp Prism (Chrono Boost)  
  51  5:12  Probe  
  51  5:13  Probe  
  55  5:20  Forge  
  55  5:24  Probe  
  55  5:26  Shield Battery  
  58  5:30  Zealot x2  
  58  5:32  Zealot  
  58  5:34  Probe  
  63  5:40  Probe  
  66  5:55  Zealot x6  
  76  6:02  Pylon  
  76  6:05  Pylon  
  76  6:21  Zealot x4  
  76  6:23  Probe x2  
  86  6:26  Zealot x3  
  86  6:30  Probe  
  91  6:35  Probe x2  
  93  6:43  Zealot x4  
  92  6:47  Probe  
  90  7:03  Zealot x3  
  90  7:04  Zealot  
  90  7:06  Probe x2  
  90  7:10  Zealot  
  88  7:17  Probe  
  88  7:18  Probe x2  
  91  7:26  Zealot  
  91  7:29  Probe, Pylon  
  92  7:30  Pylon  
  92  7:31  Pylon  
Tags
 
Add a new tag
Caveats
  • Supply blocks, unpowered buildings, or Contaminate may cause inaccurate times.
  • Supply counts are checked every 10 seconds.